 Dungeon Crawl Stone Soup version 0.19-a0-1047-g4b671ad (console) character file.

109 Garrluk the Cudgeler (level 4, 0/48 HPs)
             Began as an Ogre Gladiator on July 31, 2016.
             Slain by Natasha (1 damage)
             ... on level 2 of the Dungeon.
             The game lasted 00:03:56 (1512 turns).

Garrluk the Cudgeler (Ogre Gladiator)               Turns: 1512, Time: 00:03:56

Health: 0/48       AC:  4    Str: 20    XL:     4   Next: 90%
Magic:  4/4        EV: 10    Int:  8    God:
Gold:   73         SH:  0    Dex: 10    Spells: 0 memorised, 3 levels left

rFire  . . .     SeeInvis .     a - +0 flail
rCold  . . .     Gourm    .     b - +0 robe
rNeg   . . .     Faith    .     (no shield)
rPois  .         Spirit   .     c - +0 hat
rElec  .         Dismiss  .     j - +0 cloak
rCorr  .         Reflect  .     (gloves unavailable)
SustAt .         Harm     .     (boots unavailable)
MR     .....                    (no amulet)
Stlth  +.........               (no ring)
                                (no ring)

@: slowed, very slow, not resistant to hostile enchantments, very unstealthy
A: unfitting armour, tough skin 1
a: no special abilities


You were on level 2 of the Dungeon.
You were not hungry.

You visited 1 branch of the dungeon, and saw 2 of its levels.

You collected 73 gold pieces.

Notes
Turn   | Place    | Note
-------+----------+-------------------------------------------
     0 | D:1      | Garrluk the Ogre Gladiator began the quest for the Orb.
     0 | D:1      | Reached XP level 1. HP: 22/22 MP: 1/1
   140 | D:1      | Reached XP level 2. HP: 30/31 MP: 2/2
   467 | D:1      | Reached XP level 3. HP: 34/37 MP: 3/3
   717 | D:2      | Found a shadowy altar of Dithmenos.
   732 | D:2      | Reached skill level 5 in Maces & Flails
  1052 | D:2      | Noticed Robin
  1072 | D:2      | Killed Robin
  1072 | D:2      | Reached XP level 4. HP: 29/45 MP: 4/4
  1265 | D:2      | Found a sacrificial altar of Ru.
  1453 | D:2      | Noticed Natasha
  1482 | D:2      | Reached skill level 6 in Maces & Flails
  1512 | D:2      | HP: 1/48 [Natasha (7)]
  1512 | D:2      | Slain by Natasha

Inventory:

Hand Weapons
 a - a +0 flail (weapon)
Missiles
 d - 3 throwing nets
 t - 19 stones (quivered)
Armour
 b - a +0 robe (worn)
 c - a +0 hat (worn)
 j - a +0 cloak (worn)
   (You found it on level 1 of the Dungeon)
Scrolls
 e - 3 scrolls of teleportation {unknown}
 h - 2 scrolls of remove curse {unknown}
 i - a scroll of fog {unknown}
 p - 3 scrolls of identify {unknown}
 v - a scroll of amnesia {unknown}
Potions
 n - a potion of resistance {unknown}
 o - a potion of degeneration {unknown}
 q - a potion of heal wounds
 r - a potion of cancellation {unknown}
 s - a potion of magic {unknown}
 u - a potion of invisibility {unknown}
Comestibles
 f - 2 bread rations
 g - a slice of pizza
 k - 4 fruits
 l - 3 beef jerkies
 m - 2 meat rations

Table legend:
 A = Turns spent in this place as a percentage of turns spent in the entire game.
 B = Non-inter-level travel turns spent in this place as a percentage of non-inter-level travel turns spent in the entire game.
 C = Inter-level travel turns spent in this place as a percentage of turns spent in this place.
 D = Turns resting spent in this place as a percentage of non-inter-level travel turns spent in this place.
 E = Turns spent auto-exploring this place as a percentage of non-inter-level travel turns spent in this place.
 F = Non-inter-level travel turns spent in this place divided by the number of levels of this place that you've seen.
                   A       B       C       D       E      F
               +-------+-------+-------+-------+-------+----------------------
         Total | 100.0 | 100.0 |   0.8 |   0.6 |   9.4 | 249.0
       Dungeon | 100.0 | 100.0 |   0.8 |   0.6 |   9.4 | 249.0
               +-------+-------+-------+-------+-------+----------------------


   Skills:
 + Level 3.7 Fighting
 * Level 6.0 Maces & Flails
 + Level 2.8 Throwing
 - Level 2.6 Dodging


You had 3 spell levels left.
You didn't know any spells.

Dungeon Overview and Level Annotations

Branches:
Dungeon (2/15)

Altars:
Dithmenos
Ru

Annotations:
D:2 Natasha


Innate Abilities, Weirdness & Mutations

You are too large for most types of armour.
You have tough skin. (AC +1)


Message History

Natasha stares at you and mumbles some strange words.
The magic dart hits you!
* * * LOW HITPOINT WARNING * * *
You barely miss Natasha.
Natasha is moderately wounded.
Natasha claws you.
* * * LOW HITPOINT WARNING * * *
You barely miss Natasha.
Natasha is moderately wounded.
Natasha claws you but does no damage.
You barely miss Natasha.
Natasha is moderately wounded.
Natasha casts a spell at you.
You feel yourself slow down.
You hit Natasha.
Natasha is severely wounded.
Natasha claws you!
* * * LOW HITPOINT WARNING * * *
Natasha claws you.
You die...

###########
#.........##
#..)........
#..########.
#.........
#######.@.######
#.......h.......
#.######...####..
##.........
#...##....
##((.......
######...####...
#.......(.......
.###...######..
#..........
#.###..########


You could see Natasha.

Table legend:
 A = Kills in this place as a percentage of kills in entire the game.
 B = Kills by you in this place as a percentage of kills by you in the entire game.
 C = Kills by friends in this place as a percentage of kills by friends in the entire game.
 D = Other kills in this place as a percentage of other kills in the entire game.
 E = Experience gained in this place as a percentage of experience gained in the entire game.
 F = Experience gained in this place divided by the number of levels of this place that you have seen.
                   A       B       C       D       E      F
               +-------+-------+-------+-------+-------+----------------------
         Total | 100.0 | 100.0 |  -nan |  -nan | 100.0 |  78.5
       Dungeon | 100.0 | 100.0 |  -nan |  -nan | 100.0 |  78.5
               +-------+-------+-------+-------+-------+----------------------

Vanquished Creatures
  Monster Symbol All 'J'
  2 oozes (D:1)
2 creatures vanquished. All 'K' 7 kobolds
7 creatures vanquished. All 'S' 2 adders (D:2) A ball python (D:1)
3 creatures vanquished. All 'b' 7 bats
7 creatures vanquished. All 'g' Robin (D:2) 17 goblins 6 hobgoblins
24 creatures vanquished. All 'h' 3 jackals (D:2)
3 creatures vanquished. All 'l' A giant gecko (D:1) 3 giant newts
4 creatures vanquished. All 'r' 4 rats
4 creatures vanquished. All 's' 3 giant cockroaches (D:1)
3 creatures vanquished. All 'w' 2 worms (D:2) A dart slug (D:2)
3 creatures vanquished.
60 creatures vanquished. Monster Nature Uniques Robin (D:2)
1 creature vanquished. Natural Monsters 2 adders (D:2) 2 oozes (D:1) 2 worms (D:2) A dart slug (D:2) A giant gecko (D:1) 3 giant cockroaches (D:1) 17 goblins 6 hobgoblins 3 jackals (D:2) 7 kobolds A ball python (D:1) 7 bats 3 giant newts 4 rats
59 creatures vanquished.
60 creatures vanquished. Ascending Order Robin (D:2) A dart slug (D:2) A giant gecko (D:1) A ball python (D:1) 2 adders (D:2) 2 oozes (D:1) 2 worms (D:2) 3 giant cockroaches (D:1) 3 jackals (D:2) 3 giant newts 4 rats 6 hobgoblins 7 kobolds 7 bats 17 goblins
60 creatures vanquished.

Action                   |  1- 3 |  4- 6 || total
-------------------------+-------+-------++-------
Melee: Flail             |    99 |    97 ||   196
Throw: Throwing net      |     1 |       ||     1
       Stone             |     5 |     5 ||    10
 Stab: Sleeping          |     1 |       ||     1
  Eat: Chunk             |     1 |     1 ||     2
Armor: Robe              |    30 |    31 ||    61
Dodge: Dodged            |    63 |    51 ||   114
